 Dungeon Crawl Stone Soup version 0.27-a0-550-ge92ec0ca06 (webtiles) character file.

Game seed: 9307335715495188859

4667 rednaxela the Thaumaturge (level 10, -20/50 HPs)
             Began as a Deep Elf Conjurer on Mar 8, 2021.
             Was a High Priest of Sif Muna.
             Demolished by a boulder beetle (45 damage)
             ... on level 9 of the Dungeon.
             The game lasted 00:30:45 (9877 turns).

rednaxela the Thaumaturge (Deep Elf Conjurer)       Turns: 9877, Time: 00:30:46

Health: -20/50     AC:  9    Str:  4    XL:     10   Next: 20%
Magic:  27/27      EV: 15    Int: 33    God:    Sif Muna [*****.]
Gold:   543        SH:  0    Dex: 19    Spells: 27/32 levels left

rFire    . . .     SeeInvis .   i - +1 spear
rCold    + . .     Faith    .   (no shield)
rNeg     . . .     Spirit   .   x - +2 leather armour {rC+}
rPois    .         Reflect  .   C - +1 helmet
rElec    .         Harm     .   (no cloak)
rCorr    .         Rampage  .   (no gloves)
Will     +....                  n - +1 pair of boots
Stlth    ++........             g - amulet of magic regeneration
HPRegen  0.16/turn              G - +6 ring of intelligence
MPRegen  0.45/turn              w - +6 ring of dexterity

@: no status effects
A: no striking features
a: Renounce Religion, Channel Magic, Forget Spell, Divine Exegesis


You were on level 9 of the Dungeon.
You worshipped Sif Muna.
Sif Muna was extremely pleased with you.
You visited 2 branches of the dungeon, and saw 10 of its levels.
You also visited: Sewer.

You collected 748 gold pieces.
You spent 205 gold pieces at shops.

Inventory:

Hand Weapons
 i - a +1 spear (weapon)
   (You found it on level 2 of the Dungeon)
Missiles
 a - 27 poisoned darts
Armour
 n - a +1 pair of boots (worn)
   (You found it on level 2 of the Dungeon)
 x - a +2 leather armour of cold resistance (worn)
   (You took it off Eustachio on level 5 of the Dungeon)
 C - a +1 helmet (worn)
   (You found it on level 5 of the Dungeon)
 J - a +0 buckler
   (You found it on level 9 of the Dungeon)
Jewellery
 g - an amulet of magic regeneration (around neck)
   (You found it on level 1 of the Dungeon)
 h - a ring of protection from fire
   (You found it on level 2 of the Dungeon)
 s - an amulet of reflection
   (You found it on level 3 of the Dungeon)
 w - a +6 ring of dexterity (right hand)
   (You found it on level 4 of the Dungeon)
 y - a ring of resist corrosion
   (You found it on level 7 of the Dungeon)
 G - a +6 ring of intelligence (left hand)
   (You found it on level 6 of the Dungeon)
Wands
 u - a wand of paralysis (6)
   (You found it on level 4 of the Dungeon)
 B - a wand of iceblast (12) {@v2}
   (You took it off Ijyb on level 5 of the Dungeon)
 D - a wand of mindburst (9)
   (You found it on level 5 of the Dungeon)
 F - a wand of digging (10) {@v3}
   (You found it on level 6 of the Dungeon)
Scrolls
 b - 2 scrolls of magic mapping {@r5 !r}
 d - 2 scrolls of enchant armour
 e - a scroll of immolation
 j - 2 scrolls of fear {!r}
 k - a scroll of enchant weapon
 o - a scroll of blinking {@r4}
 q - 5 scrolls of teleportation {@r3 !r}
 z - 4 scrolls of fog {!r}
Potions
 c - 9 potions of heal wounds {@q2 !q}
 f - 5 potions of might {@q3 !q}
 m - a potion of lignification {unknown}
 p - a potion of ambrosia {unknown}
 r - 2 potions of flight {unknown}
 t - 4 potions of curing {@q1 !q}
 v - a potion of cancellation {unknown}
 A - 4 potions of brilliance {unknown}
 E - 2 potions of haste {unknown}
 H - a potion of magic {unknown}
 I - a potion of mutation {unknown}
Miscellaneous
 l - a box of beasts (inert)
   (You found it on level 9 of the Dungeon)


   Skills:
 - Level 7.4 Dodging
 - Level 2.4 Stealth
 + Level 11.5 Spellcasting
 + Level 10.4 Conjurations
 + Level 6.8 Invocations


You had 27 spell levels left.
You knew the following spells:

 Your Spells              Type           Power      Damage    Failure   Level
a - Magic Dart            Conj           100%       1d8       1%          1
b - Searing Ray           Conj           100%       3d7       1%          2
W - Passwall              Tmut/Erth      15%        N/A       7%          2

Your spell library contained the following spells:

 Spells                   Type           Power      Damage    Failure   Level
 Dazzling Flash           Conj/Hex       100%       N/A       1%          3
 Beastly Appendage        Tmut           36%        N/A       4%          1
 Fulminant Prism          Conj/Hex       26%        3d14      4%          4
 Iskenderun's Mystic Bla  Conj/Tloc      52%        2d11      4%          4
 Call Imp                 Summ           18%        N/A       7%          2
 Wereblood                Tmut           18%        N/A       7%          2
 Spider Form              Tmut/Pois      9%         N/A       13%         3
 Tukima's Dance           Hex            18%        N/A       13%         3
 Cause Fear               Hex            9%         N/A       41%         4
 Ice Form                 Ice/Tmut       18%        N/A       41%         4
 Summon Lightning Spire   Summ/Air       18%        N/A       41%         4
 Blade Hands              Tmut           9%         N/A       77%         5
 Summon Forest            Summ/Tloc      9%         N/A       77%         5
 Shadow Creatures         Summ           N/A        N/A       100%        6
 Discord                  Hex            9%         N/A       100%        8
 Disjunction              Tloc           9%         N/A       100%        8
 Summon Horrible Things   Summ           9%         N/A       100%        8


Dungeon Overview and Level Annotations

Branches:
Dungeon (9/15)             Temple (1/1) D:4            Lair (0/6) D:9
  Sewer (visited)
    Orc: D:9-12

Altars:
Ashenzari
Cheibriados
Dithmenos
Elyvilon
Fedhas
Gozag
Hepliaklqana
Kikubaaqudgha
Makhleb
Nemelex Xobeh
Okawaru
Qazlal
Ru
Sif Muna
Trog
Uskayaw
Vehumet
Wu Jian
Xom
Yredelemnul
Zin
The Shining One
Lugonu

Shops:
D:6 *

Annotations:
D:5 3 runed translucent doors, Lobster4's ghost, novice HaHu
D:9 2 runed translucent doors, exclusion: 3 doors


Message History

Confirm with . or Enter, or press ? or * to list all spells.
Aiming: Searing Ray (safe; 1% risk of failure)
Press: ? - help, Shift-Dir - straight line, f - worker ant
Aim: a worker ant (17% to evade)
The searing ray hits the hound!
The hound is almost dead.
The searing ray hits the worker ant.
The worker ant is moderately wounded. (Press . to maintain the ray.)
The hound bites you but does no damage. x2
The searing ray hits the hound.
You kill the hound!
The searing ray hits the worker ant!
You kill the worker ant!
You open the door.
Found a ring mail and a buckler.
There is an open door here.
You see here a +0 ring mail.
You see here a +0 buckler.
J - a +0 buckler You open the door.
There is an open door here.
There is an open door here.
You close the door.
You open the door.
There is an open door here.
Could not explore, unopened runed door.
Could not explore, unopened runed door.
There is an open door here.
You close the door.
You open the door.
There is an open door here.
There is an open door here.
You close the door.
Press: ? - help, v - describe, . - travel A closed door.
Placed new exclusion.
Reduced exclusion size to a single square.
Partly explored, can't reach some places.
Partly explored, can't reach some places.
Partly explored, can't reach some places.
A boulder beetle is nearby!
Aiming: Paralyse
Press: ? - help, Shift-Dir - straight line, f - boulder beetle
Aim: a boulder beetle (wandering, hasn't noticed you, chance to affect: 28%)
The boulder beetle easily resists.
Aiming: Paralyse
Press: ? - help, Shift-Dir - straight line, f/p - boulder beetle
Aim: a boulder beetle (chance to affect: 28%)
The boulder beetle easily resists.
The boulder beetle curls into a ball and begins rolling!
Aiming: Paralyse
Press: ? - help, Shift-Dir - straight line, f/p - boulder beetle
Aim: a boulder beetle (chance to affect: 28%)
The boulder beetle easily resists.
Aiming: Paralyse
Press: ? - help, Shift-Dir - straight line, f/p - boulder beetle
Aim: a boulder beetle (chance to affect: 28%)
The boulder beetle easily resists.
The boulder beetle hits you.
The boulder beetle stops rolling and uncurls.
Aiming: Paralyse
Press: ? - help, Shift-Dir - straight line, f/p - boulder beetle
Aim: a boulder beetle (chance to affect: 28%)
The boulder beetle easily resists.
The boulder beetle bites you!
Aiming: Paralyse
Press: ? - help, Shift-Dir - straight line, f/p - boulder beetle
Aim: a boulder beetle (chance to affect: 28%)
The boulder beetle easily resists.
The boulder beetle barely misses you.
You open the lid... ...and a larval shockfire beast leaps out!
The box is emptied!
The boulder beetle bites you!
* * * LOW HITPOINT WARNING * * *
Aiming: Paralyse
Press: ? - help, Shift-Dir - straight line, f/p - boulder beetle
Aim: a boulder beetle (ally target, chance to affect: 28%)
The boulder beetle easily resists.
The boulder beetle leaps!
The boulder beetle curls into a ball and begins rolling!
What are your orders? t - Shout!
Orders for allies: a - Attack new target. p - Attack previous target. r - Retreat! s - Stop attacking. g - Guard the area. f - Follow me.
Anything else - Cancel.
Gang up on whom?
Press: ? - help, Dir - move target, f/p - boulder beetle
Aim: a boulder beetle (ally target) Attack!
Your larval shockfire beast bursts into living lightning!
The living lightning hits the boulder beetle!
Your larval shockfire beast blinks!
Aiming: Paralyse
Press: ? - help, Shift-Dir - straight line, f/p - boulder beetle
Aim: a boulder beetle (lightly wounded, ally target, chance to affect: 28%)
The boulder beetle easily resists.
Your larval shockfire beast breathes flames at the boulder beetle.
The blast of flame hits the boulder beetle but does no damage.
The boulder beetle hits you!!!
Ouch! That really hurt!
You die...

#.# #.......# ##.# #.####
######### ### #....# ########T##
## #.........# #. ##
#.........#### ####### #.
.###.........'..######.....#####.
...+....(....#..B............†...
####.........#§°@8####8...######.
#.(.......°°..+....+...# #.
#.............8#..#8...# #.
#.......H.#.####++####.# #.
######+####.# #h.# #.# ## #.# #.#
#..# #.# # #.# #.# #.h# #.# ##
#.# #.# #..# #.# #. ####'####.##
.... ##.# ####.


You could see a boulder beetle (ally target) and a friendly larval shockfire
beast (summoned).

Vanquished Creatures
  A troll (D:9)
  Eustachio (D:5)
  A water moccasin (D:9)
  3 orc warriors
  A sky beast (D:6)
  4 ice beasts
  4 ogres
  A necrophage (D:8)
  3 centaurs
  2 phantoms
  A kobold brigand (D:8)
  4 bullfrogs
  A wyvern skeleton (D:9)
  A scorpion (D:8)
  A water moccasin skeleton (D:6)
  6 killer bees
  7 wights
  A howler monkey (D:9)
  A bullfrog zombie (D:5)
  7 orc priests
  A jelly (D:5)
  5 hounds
  Ijyb (D:5)
  6 iguanas
  14 orc wizards
  4 worker ants
  A killer bee zombie (D:6)
  A hound zombie (D:7)
  2 hound skeletons
  A howler monkey zombie (D:5)
  14 adders
  3 gnolls (D:6)
  5 river rats (Sewer)
  3 white imps
  An ufetubus (D:8)
  2 oozes (D:1)
  An adder skeleton (D:5)
  3 worms
  A dart slug (D:1)
  8 leopard geckos
  55 orcs
  4 ball pythons
  A bat zombie (D:8)
  8 giant cockroaches
  4 goblins
  9 hobgoblins
  3 jackals (D:6)
  2 quokkas
  7 bats
  10 frilled lizards
  A giant cockroach zombie (D:5)
  25 kobolds
  26 rats
  A butterfly (D:3)
284 creatures vanquished.

Vanquished Creatures (others)
  2 plants (D:6)
2 creatures vanquished.

Grand Total: 286 creatures vanquished

Notes
Turn   | Place    | Note
-------+----------+-------------------------------------------
     0 | D:1      | rednaxela the Deep Elf Conjurer began the quest for the
                  | Orb.
     0 | D:1      | Reached XP level 1. HP: 10/10 MP: 6/6
   231 | D:1      | Reached XP level 2. HP: 15/15 MP: 5/8
   234 | D:1      | Learned a level 2 spell: Searing Ray
   419 | D:1      | Reached skill level 3 in Dodging
   634 | D:1      | Reached XP level 3. HP: 19/19 MP: 3/10
  1244 | D:2      | Reached skill level 4 in Spellcasting
  1264 | D:2      | Reached skill level 5 in Conjurations
  1334 | D:2      | Reached XP level 4. HP: 24/24 MP: 8/12
  1637 | D:2      | Reached skill level 4 in Dodging
  1857 | D:2      | Reached XP level 5. HP: 28/28 MP: 11/14
  2006 | D:3      | Found a shimmering altar of Xom.
  2082 | D:3      | Reached skill level 5 in Spellcasting
  2294 | D:3      | Found a hazy altar of Hepliaklqana.
  2295 | D:3      | Found a shadowy altar of Dithmenos.
  2295 | D:3      | Noticed a shadow
  2333 | D:3      | Found a shimmering blue altar of Sif Muna.
  2528 | D:3      | Became a worshipper of Sif Muna the Loreminder
  3477 | D:4      | Reached XP level 6. HP: 32/32 MP: 11/16
  3724 | D:4      | Found a staircase to the Ecumenical Temple.
  3733 | Temple   | Entered the Ecumenical Temple
  3913 | D:4      | Reached skill level 5 in Dodging
  3913 | D:4      | Reached skill level 6 in Spellcasting
  3913 | D:4      | Reached skill level 6 in Conjurations
  4130 | D:5      | Entered Level 5 of the Dungeon
  4140 | D:5      | Reached XP level 7. HP: 36/36 MP: 10/18
  4211 | D:5      | Reached skill level 6 in Dodging
  4240 | D:5      | Noticed Eustachio
  4259 | D:5      | Killed Eustachio
  4259 | D:5      | Reached * piety under Sif Muna
  4260 | D:5      | Reached skill level 7 in Spellcasting
  4260 | D:5      | Reached skill level 7 in Conjurations
  4472 | D:5      | Reached XP level 8. HP: 41/41 MP: 16/21
  4510 | D:5      | Reached skill level 7 in Dodging
  4531 | D:5      | Found a glowing drain.
  4535 | Sewer    | Entered a sewer
  4551 | Sewer    | Reached skill level 8 in Spellcasting
  4730 | Sewer    | Reached ** piety under Sif Muna
  5091 | D:5      | Noticed Ijyb
  5097 | D:5      | Killed Ijyb
  5108 | D:5      | Found a runed translucent gate.
  5109 | D:5      | Found a runed translucent gate.
  5109 | D:5      | Found a runed translucent gate.
  5111 | D:5      | Noticed Lobster4's ghost (novice HaHu)
  5310 | D:5      | Found a white marble altar of Elyvilon.
  5492 | D:5      | Reached skill level 8 in Conjurations
  5492 | D:5      | Reached skill level 1 in Invocations
  5578 | D:5      | Found a stormy altar of Qazlal.
  5642 | D:6      | Reached *** piety under Sif Muna
  5643 | D:6      | Reached skill level 2 in Invocations
  5668 | D:6      | Reached skill level 9 in Spellcasting
  5745 | D:6      | Found Mugu's Assorted Antiques.
  5761 | D:6      | Bought a pink potion for 27 gold pieces
  5761 | D:6      | Bought a scroll labelled HIANIA HYBB for 31 gold pieces
  5761 | D:6      | Bought a scroll of teleportation for 93 gold pieces
  5761 | D:6      | Bought an emerald potion for 27 gold pieces
  5761 | D:6      | Bought a black potion for 27 gold pieces
  5771 | D:6      | Found a basalt altar of Yredelemnul.
  5795 | D:6      | Reached skill level 3 in Invocations
  5865 | D:6      | Identified the Tome of Unstable Dislocation
  5881 | D:6      | Found a white marble altar of Elyvilon.
  6002 | D:6      | Reached XP level 9. HP: 45/45 MP: 21/24
  6006 | D:6      | Learned a level 2 spell: Passwall
  6155 | D:6      | Found a shimmering blue altar of Sif Muna.
  6158 | D:6      | Found a snail-covered altar of Cheibriados.
  6161 | D:6      | Found a hide-covered altar of Uskayaw.
  6164 | D:6      | Found an iron altar of Okawaru.
  6522 | D:7      | Reached skill level 9 in Conjurations
  6523 | D:7      | Reached skill level 4 in Invocations
  6956 | D:7      | Reached skill level 10 in Spellcasting
  7522 | D:8      | Reached skill level 5 in Invocations
  7743 | D:8      | Reached **** piety under Sif Muna
  8413 | D:8      | Reached skill level 10 in Conjurations
  8413 | D:8      | Reached skill level 6 in Invocations
  8422 | D:8      | Reached skill level 11 in Spellcasting
  8654 | D:8      | Found an ancient bone altar of Kikubaaqudgha.
  8841 | D:9      | Found a staircase to the Lair.
  8950 | D:9      | Reached ***** piety under Sif Muna
  8950 | D:9      | Identified Sif Muna's Incunabulum of the Entrancing
                  | Entourage (Sif Muna gifted it to you on level 9 of the
                  | Dungeon)
  8950 | D:9      | Received a gift from Sif Muna
  8955 | D:9      | Reached XP level 10. HP: 49/50 MP: 11/27
  9104 | D:9      | Found a broken altar of Ashenzari.
  9133 | D:9      | Noticed a boulder beetle
  9343 | D:9      | Found a glowing golden altar of the Shining One.
  9749 | D:9      | Found a large runed translucent door.
  9750 | D:9      | Found a large runed translucent door.
  9759 | D:9      | Noticed a five-headed hydra
  9764 | D:9      | Noticed a boulder beetle
  9877 | D:9      | Demolished by a boulder beetle

Illustrated notes

Levels and vault maps discovered:
D:1:      heliophobic_arrival_glass_houses, layout_basic
D:2:      layout_loops_ring
D:3:      layout_basic, riverfiend_overflow_shadow_ancestor, xom_butterflies,
          led_sif_pool
D:4:      layout_cave_pools, minmay_temple_entry_arrows
D:5:      layout_gridville, lemuel_coloured_pillars_altar, lemuel_round_altar,
          gup_sewer_entry_bowl, ebering_ghost_rock_garden, uniq_ijyb,
          uniq_eustachio
D:6:      layout_rooms, general_overflow_altar,
          grunt_temple_overflow_cloverleaf, serial_shops,
          nicolae_shop_overgrown_old_shop, elyvilon_altar_1
D:7:      layout_basic
D:8:      layout_layer_cave, lemuel_zombie_altar_kikubaaqudgha
D:9:      layout_roguey [special_room_orc], overflow_temple_1_default,
          nicolae_tso_swordbearing_angel, lair_entry_dummy,
          minmay_tree_intersection, jmf_multi_god_temple2
Temple:   corrupted_temple

Skill      XL: |  1  2  3  4  5  6  7  8  9 |
---------------+----------------------------+-----
Dodging        | 3 4 5 6 7 |  7.4
Spellcasting   | 4 5 6 7 9 11 | 11.5
Conjurations   | 5 6 7 8 10 | 10.4
Invocations    | 3 6 |  6.8
Stealth        | |  2.4

Action                   |  1- 3 |  4- 6 |  7- 9 | 10-12 || total
-------------------------+-------+-------+-------+-------++-------
Melee: Spear             |       |       |     3 |       ||     3
 Cast: Magic Dart        |    51 |    67 |   116 |     1 ||   235
       Searing Ray       |     6 |    20 |   109 |    12 ||   147
Evoke: Wand              |       |       |       |     8 ||     8
       Box of beasts     |       |       |       |     1 ||     1
  Use: Scroll            |       |     5 |     9 |       ||    14
Armor: Robe              |     1 |     2 |     8 |       ||    11
       Leather armour    |       |       |    17 |     8 ||    25
Dodge: Dodged            |     7 |     8 |    69 |    16 ||   100

Table legend: (Time is in decaauts)
 A = Elapsed time spent in this place.
 B = Non-inter-level travel time spent in this place.
 C = Inter-level travel time spent in this place.
 D = Time resting spent in this place.
 E = Time spent auto-exploring this place.
 F = Levels seen in this place.
 G = Mean time per level.
                   A        B        C        D        E       F      G
               +--------+--------+--------+--------+--------+-----+--------+
         Total |   9902 |   9364 |    538 |   1216 |   6434 |  11 |  900.2 |
       Dungeon |   9290 |   8767 |    523 |   1211 |   6065 |   9 | 1032.2 |
        Temple |     52 |     37 |     15 |      0 |     36 |   1 |   52.0 |
         Sewer |    559 |    559 |      0 |      5 |    333 |   1 |  559.0 |
               +--------+--------+--------+--------+--------+-----+--------+

Top non-repeatable levels by time:
     D:3: 1445 daAuts
     D:8: 1258 daAuts
     D:7: 1172 daAuts
     D:1: 1152 daAuts
     D:9: 1112 daAuts
     D:4: 845 daAuts
     D:2: 823 daAuts
     D:5: 782 daAuts
     D:6: 697 daAuts
   Sewer: 559 daAuts
  Temple: 52 daAuts
